 Dungeon Crawl Stone Soup version 0.27-a0-1312-g5cdb2b3542 (webtiles) character file.

Game seed: 5979608212182878745

8 bilbop the Caller (level 2, 0/20 HPs)
             Began as a Mummy Summoner on June 20, 2021.
             Slain by a quokka (1 damage)
             ... on level 1 of the Dungeon.
             The game lasted 00:03:38 (540 turns).

bilbop the Caller (Mummy Summoner)                   Turns: 540, Time: 00:03:39

Health: 0/20       AC:  3    Str: 11    XL:     2   Next: 0%
Magic:  0/5        EV: 11    Int: 14    God:
Gold:   27         SH:  0    Dex: 12    Spells: 5/6 levels left

rFire    x . .     SeeInvis .   (no weapon)
rCold    + . .     Faith    .   (no shield)
rNeg     + + +     Spirit   .   b - +0 leather armour
rPois    ∞         Reflect  .   (no helmet)
rElec    .         Harm     .   (no cloak)
rCorr    .         Rampage  .   (no gloves)
Will     .....                  (no boots)
Stlth    ++........             (no amulet)
HPRegen  0.06/turn              (no ring)
MPRegen  0.09/turn              (no ring)

@: no status effects
A: cold resistance 1, negative energy resistance 3, torment resistance 2, heat
vulnerability 1, no potions
a: no special abilities


You were on level 1 of the Dungeon.
You visited 1 branch of the dungeon, and saw 1 of its levels.

You collected 27 gold pieces.

Inventory:

Armour
 a - a +0 robe
 b - a +0 leather armour (worn)


   Skills:
 + Level 0.4 Fighting
 + Level 1.7 Dodging
 + Level 1.7 Stealth
 + Level 2.9 Spellcasting
 + Level 3.3 Summonings


You had 5 spell levels left.
You knew the following spells:

 Your Spells              Type           Power      Damage    Failure   Level
a - Summon Small Mammal   Summ           44%        N/A       8%          1

Your spell library contained the following spells:

 Spells                   Type           Power      Damage    Failure   Level
 Call Imp                 Summ           11%        N/A       11%         2
 Call Canine Familiar     Summ           11%        N/A       22%         3
 Summon Guardian Golem    Hex/Summ       6%         N/A       41%         3
 Summon Ice Beast         Ice/Summ       6%         N/A       82%         4
 Summon Lightning Spire   Summ/Air       6%         N/A       82%         4


Dungeon Overview and Level Annotations

Branches:
Dungeon (1/15)

Altars:


Innate Abilities, Weirdness & Mutations

You are immune to poison.
Your flesh is cold resistant. (rC+)
You are immune to negative energy. (rN+++)
You are immune to unholy pain and torment.
You are vulnerable to heat. (rF-)
You do not drink.


Message History

t - Shout!
Orders for allies: a - Attack new target. p - Attack previous target. r - Retreat! s - Stop attacking. g - Guard the area. f - Follow me.
Anything else - Cancel.
Gang up on whom?
Press: ? - help, Dir - move target, f/p - quokka
Aim: a quokka (severely wounded, ally target)
Okay, then.
Casting: Summon Small Mammal (safe; 8% risk of failure)
Confirm with . or Enter, or press ? or * to list all spells.
Your bat hits the quokka but does no damage.
The quokka bites you.
* * * LOW HITPOINT WARNING * * *
Your bat misses the quokka. The quokka bites you.
* * * LOW HITPOINT WARNING * * *
Your bat misses the quokka.
The ball python closely misses your bat.
The ball python barely misses your bat.
Your rat bites the quokka but does no damage.
You hit the quokka but do no damage.
The quokka is heavily wounded.
Your bat barely misses the ball python.
The ball python bites your rat. The ball python grabs your rat.
The ball python constricts your rat.
Your rat dies!
Your rat's corpse disappears in a puff of smoke!
The quokka bites you but does no damage.
You closely miss the quokka.
The quokka is heavily wounded.
Your bat hits the quokka.
Your bat completely misses the hobgoblin.
The quokka closely misses your bat.
Your bat hits the quokka but does no damage.
You catch the helpless quokka completely off-guard!
You hit the quokka but do no damage.
The quokka is severely wounded.
Your bat hits the quokka but does no damage.
The quokka twitches its whiskers.
The quokka bites you.
You die...

#.# #.# #.##....#
#.# #.# #.##....#
#. #. #.##....#
#. ##.####.##
#.###..####.#
#.....###...#
#####..b#....#†##
.........S###...#
.......rgr@.....#
##....#)#####...#
##... #.# #...#
....###g# #####
.......r#
...####.# . #.#
... ...


You could see 2 quokkas, a hobgoblin, a ball python and a friendly bat
(summoned).

Vanquished Creatures
  A ball python (D:1)
  A goblin (D:1)
2 creatures vanquished.

Vanquished Creatures (collateral kills)
  A dart slug (D:1)
  2 endoplasms (D:1)
  A giant cockroach (D:1)
  A kobold (D:1)
  A ball python (D:1)
  A rat (D:1)
7 creatures vanquished.

Grand Total: 9 creatures vanquished

Notes
Turn   | Place    | Note
-------+----------+-------------------------------------------
     0 | D:1      | bilbop the Mummy Summoner began the quest for the Orb.
     0 | D:1      | Reached XP level 1. HP: 13/13 MP: 4/4
   528 | D:1      | Reached XP level 2. HP: 9/20 MP: 1/5
   536 | D:1      | HP: 1/20 [quokka (2)]
   540 | D:1      | Slain by a quokka

Illustrated notes

Levels and vault maps discovered:
D:1:      enne_arrival_octagon_isle, layout_rooms

Action                   || total
-------------------------++-------
Melee: Unarmed           ||    20
 Cast: Summon Small Mamm ||    21
 Stab: Distracted        ||     1
Armor: Leather armour    ||     3
       Robe              ||     1
Dodge: Dodged            ||    14

Table legend: (Time is in decaauts)
 A = Elapsed time spent in this place.
 B = Non-inter-level travel time spent in this place.
 C = Inter-level travel time spent in this place.
 D = Time resting spent in this place.
 E = Time spent auto-exploring this place.
 F = Levels seen in this place.
 G = Mean time per level.
                   A        B        C        D        E       F      G
               +--------+--------+--------+--------+--------+-----+--------+
         Total |    540 |    536 |      4 |      0 |    434 |   1 |  540.0 |
       Dungeon |    540 |    536 |      4 |      0 |    434 |   1 |  540.0 |
               +--------+--------+--------+--------+--------+-----+--------+

Top non-repeatable levels by time:
     D:1: 540 daAuts
